Get step-by-step instructions on how to execute this build order below. Start the game timer, and the build order will tick by so you can play in parallel with StarCraft on a second screen or mobile device.

Game Time

  0:00

Last Step

  N/A

Next Step

Upcoming Step



Don't want to look back and forth between 2 screens? Try out our Overwolf App, the Spawning Tool Build Advisor to get an in-game overlay with this build!

Complete Build Order

  12  0:00  Drone  
  13  0:09  Drone  
  14  0:18  Extractor  
  14  0:19  Drone  
  15  0:38  Hatchery  
  14  0:43  Extractor  
  14  0:44  Drone  
  14  0:49  Overlord  
  15  1:06  Spawning Pool  
  15  1:07  Drone  
  15  1:11  Drone  
  15  1:15  Drone  
  17  1:19  Drone  
  18  1:26  Extractor  
  18  1:29  Drone  
  18  1:39  Drone  
  19  1:51  Drone x2  
  19  1:52  Queen  
  19  1:53  Queen  
  25  2:02  Zergling x2  
  25  2:03  Overlord  
  26  2:14  Drone x2  
  28  2:24  Drone x2  
  30  2:33  Queen x2  
  30  2:34  Drone  
  35  2:41  Drone  
  36  2:58  Overlord  
  36  2:59  Overlord  
  36  3:03  Extractor  
  35  3:09  Drone  
  36  3:17  Drone x2, Lair  
  36  3:19  Roach Warren  
  37  3:22  Drone x5  
  42  3:36  Drone x2  
  42  3:39  Extractor, Overlord  
  42  3:40  Extractor  
  42  3:41  Drone x2  
  44  3:45  Drone x3  
  44  3:46  Drone  
  48  3:53  Drone x3  
  51  4:00  Overlord  
  51  4:09  Hatchery  
  50  4:10  Drone  
  51  4:17  Glial Reconstitution  
  51  4:18  Drone x3  
  51  4:20  Drone  
  51  4:23  Roach  
  57  4:26  Overseer  
  57  4:30  Roach x2  
  61  4:34  Roach  
  63  4:44  Roach x2  
  67  4:55  Overlord x3  
  67  4:56  Overlord x2  
  67  5:15  Roach x5  
  67  5:19  Infestation Pit, Roach x2  
  80  5:23  Roach x4  
  88  5:32  Roach x4  
  88  5:33  Ravager x4  
  88  5:34  Ravager x2  
  102  5:45  Overlord x3  
  102  5:47  Drone  
  103  5:53  Drone  
  104  5:59  Drone x7  
  111  6:10  Drone x7  
  118  6:20  Hive  
  118  6:25  Evolution Chamber  
  118  6:31  Roach x7  
  127  6:45  Queen  
  127  6:47  Queen  
  125  6:49  Extractor  
  125  6:50  Extractor  
  125  6:57  Drone x2, Hatchery  
  125  6:58  Drone x3  
  125  6:59  Drone x2  
  131  7:02  Zerg Ground Armor Level 1  
  131  7:06  Evolution Chamber  
  130  7:10  Overlord x4  
  130  7:23  Queen  
  130  7:25  Spore Crawler  
  130  7:29  Spore Crawler  
  130  7:30  Drone  
  130  7:31  Drone x7  
  130  7:33  Infestor, Spore Crawler  
  139  7:39  Zerg Melee Weapons Level 1  
  139  7:50  Drone x2  
  141  7:51  Spore Crawler  
  141  7:55  Drone x2  
  141  7:57  Spore Crawler  
  141  8:04  Drone x2  
  141  8:05  Drone x7  
  141  8:14  Infestor x2  
  141  8:17  Ultralisk Cavern  
  144  8:24  Queen  
  146  8:28  Extractor, Queen  
  146  8:29  Extractor  
  146  8:30  Queen  
  148  8:34  Infestor x2  
  152  8:41  Metabolic Boost  
  152  8:58  Zerg Ground Armor Level 2  
  152  9:05  Ultralisk, Hatchery  
  152  9:06  Ultralisk  
  152  9:07  Chitinous Plating  
  152  9:08  Overlord x3  
  152  9:09  Overlord x2  
  162  9:35  Spore Crawler  
  161  9:39  Ultralisk x3  
  179  9:53  Drone  
  179  9:54  Drone x3  
  179  9:55  Drone x4  
  187  10:03  Zerg Melee Weapons Level 2  
  187  10:04  Spire  
  187  10:06  Ultralisk  
  192  10:15  Spore Crawler  
  192  10:20  Ultralisk  
  197  10:23  Queen  
  197  10:26  Anabolic Synthesis  
  197  10:36  Drone  
  197  10:37  Drone, Spore Crawler  
  197  10:39  Extractor, Drone  
  197  10:40  Drone, Extractor  
  198  10:46  Spore Crawler  
  184  11:13  Zergling x28  
  177  11:28  Drone x11  
  182  11:38  Corruptor x3  
  182  11:39  Hatchery  
  187  12:00  Zerg Flyer Weapons Level 1  
  187  12:02  Zerg Ground Armor Level 3, Spire  
  187  12:03  Adrenal Glands  
  187  12:07  Baneling Nest  
  185  12:15  Queen x2  
  187  12:18  Extractor  
  186  12:25  Hatchery  
  186  12:27  Hatchery  
  184  12:38  Corruptor  
  173  12:50  Infestor  
  170  12:58  Infestor x2  
  166  13:06  Spore Crawler  
  166  13:08  Spore Crawler  
  165  13:14  Spore Crawler  
  165  13:18  Drone x7  
  148  13:27  Zergling x26  
  148  13:29  Burrow  
  148  13:30  Ultralisk x2  
  148  13:31  Ultralisk x3  
  191  13:47  Ultralisk  
  197  13:54  Extractor  
  178  13:55  Extractor  
  178  13:56  Zergling x14  
  178  14:00  Zerg Melee Weapons Level 3  
  178  14:03  Hatchery  
  178  14:04  Hatchery  
  178  14:09  Zergling x14  
  140  14:28  Zergling x16  
  131  14:35  Zergling x14  
  107  14:51  Hatchery  
  97  14:54  Ultralisk  
  97  14:55  Drone x6  
  105  15:26  Ultralisk x3  
  105  15:27  Corruptor  
  124  15:46  Ultralisk  
  124  15:47  Ultralisk x2  
  142  15:59  Ultralisk x2  
  142  16:00  Ultralisk  
  157  16:19  Hatchery  
  150  16:29  Ultralisk x3  
  166  16:40  Ultralisk x2  
  178  16:50  Zergling x20  
  188  16:56  Infestor  
  164  17:08  Zergling x22  
  164  17:09  Zergling x10  
  164  17:12  Infestor x3  
  170  17:19  Hatchery  
  169  17:25  Zergling x16  
  146  17:37  Zergling x22  
  151  17:45  Infestor  
  155  17:53  Corruptor  
  155  17:55  Zergling x18  
  151  18:10  Infestor  
  151  18:11  Ultralisk  
  151  18:12  Ultralisk  
  155  18:20  Hatchery  
  155  18:24  Drone  
  152  18:52  Ultralisk x2  
  152  18:53  Ultralisk x2  
  152  18:54  Corruptor  
  166  19:12  Ultralisk x2  
  178  19:30  Extractor  
  177  19:34  Hatchery  
  175  19:40  Infestor  
  175  19:41  Zergling x18  
  184  19:52  Ultralisk x2  
  195  19:53  Zerg Flyer Weapons Level 2, Centrifugal Hooks  
  196  20:00  Hatchery  
  173  20:29  Ultralisk  
  173  20:33  Zergling x34  
  190  20:40  Zergling x24  
  182  20:57  Ultralisk  
  156  21:13  Ultralisk  
  148  22:04  Extractor  
  148  22:07  Extractor